 Dungeon Crawl Stone Soup version 0.28.0-45-g0d030f2227 (webtiles) character file.

Game seed: 8347974221680666498

49 pkoi the Firebug (level 3, -2/26 HPs)
             Began as a Demigod Fire Elementalist on Apr 18, 2022.
             Killed from afar by Sigmund (11 damage)
             ... with a magic dart
             ... on level 2 of the Dungeon.
             The game lasted 00:02:10 (2718 turns).

pkoi the Firebug (Demigod Fire Elementalist)        Turns: 2718, Time: 00:02:11

Health: -2/26      AC:  2    Str:  9    XL:     3   Next: 32%
Magic:  0/8        EV: 12    Int: 21    God:
Gold:   39         SH:  0    Dex: 14    Spells: 2/5 levels left

rFire   . . .      SeeInvis .   (no weapon)
rCold   . . .      Faith    .   (no shield)
rNeg    . . .      Spirit   .   a - +0 robe
rPois   .          Reflect  .   (no helmet)
rElec   .          Harm     .   (no cloak)
rCorr   .          Rampage  .   (no gloves)
Will    .....                   (no boots)
Stlth   ++........              (no amulet)
HPRegen 0.08/turn               (no ring)
MPRegen 0.11/turn               (no ring)

@: no status effects
A: high MP 1, forlorn, divine attributes
a: no special abilities


You were on level 2 of the Dungeon.
You visited 1 branch of the dungeon, and saw 2 of its levels.

You collected 39 gold pieces.

Inventory:

Hand Weapons
 c - a +0 scimitar
 d - a +0 club
 k - a +0 dagger
Missiles
 j - 5 poisoned darts
Armour
 a - a +0 robe (worn)
Scrolls
 b - a scroll of enchant armour {unknown}
 f - 3 scrolls of identify {unknown}
 l - a scroll of summoning {unknown}
Potions
 g - 2 potions of resistance {unknown}
 h - 2 potions of invisibility {unknown}
 i - 2 potions of lignification {unknown}


   Skills:
 - Level 1.7 Dodging
 - Level 1.7 Stealth
 - Level 1.7 Spellcasting
 + Level 2.2 Conjurations
 + Level 3.5 Fire Magic


You had 2 spell levels left.
You knew the following spells:

 Your Spells              Type           Power      Damage    Failure   Level
a - Foxfire               Conj/Fire      52%        2x1d6     4%          1
b - Scorch                Fire           32%        2d6       5%          2

Your spell library contained the following spells:

 Spells                   Type           Power      Damage    Failure   Level
 Ensorcelled Hibernation  Hex/Ice        2%         N/A       22%         2
 Passwall                 Tmut/Erth      0%         N/A       22%         2
 Sublimation of Blood     Necr           1%         N/A       22%         2
 Wereblood                Tmut           1%         N/A       22%         2
 Conjure Flame            Conj/Fire      13%        6-21      14%         3
 Inner Flame              Hex/Fire       9%         N/A       22%         3
 Swiftness                Air            1%         N/A       41%         3
 Flame Wave               Conj/Fire      13%        2d6       43%         4
 Summon Hydra             Summ           0%         N/A       100%        7


Dungeon Overview and Level Annotations

Branches:
Dungeon (2/15)

Annotations:
D:2 Sigmund


Innate Abilities, Weirdness & Mutations

You have an increased reservoir of magic. (+10% MP)
You shall have no god before yourself.
Your divine heritage dramatically boosts your attributes as you level up.


Message History

Casting: Scorch (safe; 5% risk of failure)
Press: ? - help, Q - select action, (/) - cycle Dir - look around, f - activate You miscast Scorch.
Nothing appears to happen.
Something hits you.
* * * LOW HITPOINT WARNING * * *
Unknown command.
Casting: Scorch (safe; 5% risk of failure)
Press: ? - help, Q - select action, (/) - cycle Dir - look around, f - activate Flames lash something.
Something barely misses you.
Unknown command.
Casting: Scorch (safe; 5% risk of failure)
Press: ? - help, Q - select action, (/) - cycle Dir - look around, f - activate Flames lash something.
Unknown command.
You see here a hobgoblin skeleton.
Things that are here:
a +0 club; a +0 dagger You don't have enough magic to cast this spell.
You don't have enough magic to cast this spell.
Unknown command.
Your magical contamination has completely faded away.
You don't have enough magic to cast this spell.
You don't have enough magic to cast this spell.
Unknown command.
Casting: Scorch (safe; 5% risk of failure)
Confirm with . or Enter, or press ? or * to list all spells.
You conjure some foxfire!
Sigmund appears from thin air!
Reactivating autopickup.
Sigmund is no longer more vulnerable to fire.
Sigmund closely misses you.
Your foxfire dissipates!
The foxfire hits Sigmund.
Sigmund is almost dead.
Sigmund casts a spell at you. The puff of flame hits you.
* * * LOW HITPOINT WARNING * * *
Sigmund gestures at you while chanting. The magic dart hits you!
You die...

......# #)# #.......
######## #.# #.......
#.....# #.# #...####
#.###.# #.# ##### #.#
#.# #@###### #.# #.#
#.#....# #.###.###
#.#.##.# #†......##
#.#.##.# ####
#........# #@#.##.#
#... #.#.._...#
#.#.##.# #.##
#.#......######.#.##.#
#.#
#...............#.##.#
#.#
#####.###########.##.#
#.# #.# #.##.# #.# #.#
#.##.# #.# #####.#
#.##.# #.# #.....#
#.##.########.#


You could see Sigmund.

Vanquished Creatures
  An adder (D:2)
  A worm (D:2)
  5 ball pythons
  2 endoplasms (D:2)
  A giant cockroach (D:2)
  6 goblins
  2 hobgoblins
  2 jackals (D:1)
  7 kobolds
  A quokka (D:2)
  2 frilled lizards (D:1)
  4 rats
34 creatures vanquished.

Vanquished Creatures (others)
  50 foxfires
50 creatures vanquished.

Grand Total: 84 creatures vanquished

Notes
Turn   | Place    | Note
-------+----------+-------------------------------------------
     0 | D:1      | pkoi the Demigod Fire Elementalist began the quest for the
                  | Orb.
     0 | D:1      | Reached XP level 1. HP: 14/14 MP: 5/5
    39 | D:1      | Reached skill level 1 in Conjurations
   522 | D:1      | Reached skill level 3 in Fire Magic
   797 | D:1      | Reached XP level 2. HP: 20/20 MP: 2/7
  1103 | D:1      | Learned a level 2 spell: Scorch
  2392 | D:2      | Reached XP level 3. HP: 26/26 MP: 3/8
  2669 | D:2      | Noticed Sigmund
  2718 | D:2      | Killed from afar by Sigmund

Illustrated notes

Levels and vault maps discovered:
D:1:      dpeg_arrival_simpleton_c, layout_loops_ring
D:2:      layout_basic, basic_altar, uniq_sigmund

Skill      XL: |  1  2 |
---------------+-------+-----
Conjurations   | 1 2 |  2.2
Fire Magic     | 3 |  3.5
Dodging        | |  1.7
Stealth        | |  1.7
Spellcasting   | |  1.7

Action                   || total
-------------------------++-------
Melee: Unarmed           ||     3
 Cast: Foxfire           ||    32
       Scorch            ||    26
  Use: Potion            ||     1
Armor: Robe              ||     3
Dodge: Dodged            ||     5
